 Dungeon Crawl Stone Soup version 0.26-a0-639-g72c4674329 (webtiles) character file.

Game seed: 6308539196376227773

45 Conn the Magician (level 3, -2/21 HPs)
             Began as an Octopode Hedge Wizard on Sept 20, 2020.
             Slain by Sigmund
             ... wielding a +0 scythe
              (10 damage)
             ... on level 2 of the Dungeon.
             The game lasted 00:03:33 (1081 turns).

Conn the Magician (Octopode Hedge Wizard)           Turns: 1081, Time: 00:03:34

Health: -2/21      AC:  1    Str: 15    XL:     3   Next: 64%
Magic:  8/8        EV: 13    Int: 17    God:
Gold:   28         SH:  0    Dex: 11    Spells: 1/9 levels left

rFire    . . .     SeeInvis .   j - +0 short sword
rCold    . . .     Faith    .   (no shield)
rNeg     . . .     Spirit   .   b - +0 hat
rPois    .         Reflect  .   k - amulet of the acrobat
rElec    .         Harm     .   i - +6 ring of strength
rCorr    .         Rampage  .   (no ring)
MR       .....                  (no ring)
Stlth    ++++......             (no ring)
HPRegen  0.07/turn              (no ring)
MPRegen  0.11/turn              (no ring)
                                (no ring)
                                (no ring)

@: stab
A: almost no armour, stealthy swim, amphibious, 8 rings, constrict 8, fangs 1,
camouflage 2, gelatinous body 1
a: no special abilities


You were on level 2 of the Dungeon.
You visited 1 branch of the dungeon, and saw 2 of its levels.

You collected 28 gold pieces.

Inventory:

Hand Weapons
 a - a +0 dagger
 j - a +0 short sword (weapon)
Armour
 b - a +0 hat (worn)
Jewellery
 i - a +6 ring of strength (left tentacle)
 k - an amulet of the acrobat (around mantle)
Scrolls
 d - 2 scrolls of remove curse {unknown}
 g - a scroll of identify {unknown}
Potions
 e - a potion of stabbing
 f - a potion of degeneration {unknown}
 h - a potion of curing


   Skills:
 + Level 2.5 Dodging
 + Level 3.2 Stealth
 + Level 3.6 Spellcasting
 + Level 1.0 Conjurations
 + Level 1.6 Summonings
 + Level 1.0 Translocations


You had one spell level left.
You knew the following spells:

 Your Spells              Type           Power        Failure   Level
a - Magic Dart            Conj           #...         11%         1
b - Blink                 Tloc           N/A          16%         2
c - Call Imp              Summ           #.......     13%         2
d - Conjure Flame         Conj/Fire      #.......     36%         3

Your spell library contained the following spells:

 Spells                   Type           Power        Failure   Level
 Slow                     Hex            #.......     26%         2
 Mephitic Cloud           Conj/Pois/Air  #.......     38%         3


Dungeon Overview and Level Annotations

Branches:
Dungeon (2/15)

Altars:
Yredelemnul

Annotations:
D:2 Sigmund


Innate Abilities, Weirdness & Mutations

You cannot wear most types of armour.
You are very stealthy in the water. (Stealth+)
You are amphibious.
You can wear up to eight rings at the same time.
You can use your tentacles to constrict eight enemies at once.
Your skin blends seamlessly with your surroundings (Stealth++).
Your rubbery body absorbs attacks. (AC +1, EV +1)
You have very sharp teeth.


Message History

The magic dart hits you!
Casting: Magic Dart (safe; 11% risk of failure)
Confirm with . or Enter, or press ? or * to list all spells.
Okay, then.
You aren't carrying any items that you can evoke.
It was a potion of stabbing.
You feel ready to backstab.
You constrict Sigmund. The bat misses you.
Sigmund says, "Don't worry, I'll kill you fast."
Sigmund hits you with a +0 scythe!
* * * LOW HITPOINT WARNING * * *
It was a potion of curing.
You feel better.
You constrict Sigmund, but do no damage.
The bat barely misses you.
It was a potion of mutation.
You feel extremely strange.
Your natural camouflage becomes more effective.
Your teeth lengthen and sharpen.
You constrict Sigmund. The bat hits you but does no damage.
Sigmund hits you with a +0 scythe!
You die...

. #.......#######
#.....###.......##.....
#...............##.....
#..... #........##.....
#..... #...............
#..... #.##'#.####.....
.#...).##.##.#.# #......
......@...##.#.###......
#####.@.....#......>...
.......b..............#.
###[P.P............####.
#...._............. #...
#...P.P.#..........##.#.
........#.............#.
......#.##########......
......#......# #...##.
## ....... +......


You could see Sigmund and a bat.

Vanquished Creatures
  A gnoll (D:2)
  A dart slug (D:1)
  3 bats (D:1)
  2 giant cockroaches (D:1)
  2 hobgoblins (D:1)
  3 jackals (D:1)
  3 kobolds (D:1)
  2 frilled lizards (D:1)
  A goblin (D:1)
  2 rats (D:1)
20 creatures vanquished.

Vanquished Creatures (collateral kills)
  3 gnolls (D:2)
3 creatures vanquished.

Grand Total: 23 creatures vanquished

Notes
Turn   | Place    | Note
-------+----------+-------------------------------------------
     0 | D:1      | Conn the Octopode Hedge Wizard began the quest for the Orb.
     0 | D:1      | Reached XP level 1. HP: 11/11 MP: 4/4
   159 | D:1      | Reached XP level 2. HP: 17/17 MP: 6/6
   572 | D:1      | Reached XP level 3. HP: 12/21 MP: 5/8
   576 | D:1      | Learned a level 2 spell: Blink
   579 | D:1      | Learned a level 2 spell: Call Imp
   583 | D:1      | Learned a level 3 spell: Conjure Flame
  1072 | D:2      | Found a basalt altar of Yredelemnul.
  1073 | D:2      | Noticed Sigmund
  1081 | D:2      | Gained mutation: Your skin blends seamlessly with your
                  | surroundings (Stealth++). [potion of mutation]
  1081 | D:2      | Gained mutation: You have very sharp teeth. [potion of
                  | mutation]
  1081 | D:2      | Slain by Sigmund

Illustrated notes

Levels and vault maps discovered:
D:1:      evilmike_arrival_hilbert_curve, layout_loops_ring, grunt_decor_cap
D:2:      layout_basic, yredelemnul_altar_generic, uniq_sigmund

Skill      XL: |  1  2  3 |
---------------+----------+-----
Stealth        | 3 |  3.2
Dodging        | |  2.5
Spellcasting   | |  3.6
Conjurations   | |  1.0
Summonings     | |  1.6
Translocations | |  1.0

Action                   || total
-------------------------++-------
Melee: Dagger            ||    25
       Constrict         ||     9
       Short sword       ||     9
       Tentacles         ||     4
 Cast: Magic Dart        ||     7
       Call Imp          ||     3
  Use: Potion            ||     3
 Stab: Sleeping          ||    10
Armor: Skin              ||     3
Dodge: Dodged            ||    19

Table legend: (Time is in decaauts)
 A = Elapsed time spent in this place.
 B = Non-inter-level travel time spent in this place.
 C = Inter-level travel time spent in this place.
 D = Time resting spent in this place.
 E = Time spent auto-exploring this place.
 F = Levels seen in this place.
 G = Mean time per level.
                   A        B        C        D        E       F      G
               +--------+--------+--------+--------+--------+-----+--------+
         Total |   1080 |   1080 |      0 |    110 |    627 |   2 |  540.0 |
       Dungeon |   1080 |   1080 |      0 |    110 |    627 |   2 |  540.0 |
               +--------+--------+--------+--------+--------+-----+--------+

Top non-repeatable levels by time:
     D:1: 894 daAuts
     D:2: 185 daAuts
